[Event "Memorial Ukrainian Chess Warriors 2024"]
[Site "Lviv"]
[Date "2024.03.15"]
[Round "7.7"]
[White "Hnatyshyn, Anastasiya"]
[Black "Bykovskiy, Oleg"]
[Result "1-0"]
[ECO "B01"]
[WhiteElo "2017"]
[BlackElo "2231"]
[Annotator "TA"]
[PlyCount "77"]
[EventDate "2024.03.06"]
[EventType "swiss"]
[EventCountry "UKR"]
[SourceTitle "playchess.com"]
[Source "ChessBase"]
[SourceQuality "1"]
[TimeControl "600+5"]

1. e4 d5 2. exd5 Qxd5 3. d4 Nf6 4. Nc3 Qa5 5. Nf3 Bf5 6. Bc4 e6 7. O-O c6 8. Bf4 Nbd7 9. Qe2 Be7 10. h3 O-O 11. a3 {[%emt 0:01:11] White has an edge.} Nd5 12. Nxd5 cxd5 13. Bd3 Bxd3 14. Qxd3 Rac8 15. Rae1 Bf6 16. c3 b5 17. h4 Rfe8 18. h5 a6 19. g4 h6 20. Kh2 Nf8 21. Rg1 Nh7 22. g5 {[%emt 0:00:11] White is more active.} hxg5 23. Nxg5 Bxg5 24. Bxg5 Qc7+ 25. Kh3 {[%emt 0:00:36] [#] Bh6 would now be deadly.} Kh8 26. Qe3 (26. Bd2 {seems wilder.} Qe7 27. Qg3 Qf6 28. Qg4) 26... f6 27. Bh4 (27. Bf4 $5 Qf7 28. Qe2 $15) 27... Qf7 28. Qf3 a5 (28... Rc4 $1 $11 {keeps the balance.}) 29. Rg6 $16 b4 30. axb4 (30. cxb4 $18 axb4 31. Reg1 (31. axb4 Rc4 $14)) 30... axb4 $14 31. Reg1 bxc3 32. h6 (32. bxc3 $16 {Hoping for h6.} Re7 33. Rxg7 Qxg7 34. Rxg7 Rxg7 35. Bxf6 Nxf6 36. Qxf6 Rxc3+ 37. Kh4) 32... e5 $2 (32... cxb2 $2 33. Rxg7 $18) (32... Qxg6 $1 $11 33. Rxg6 cxb2) 33. Rxg7 $2 (33. bxc3 e4 34. hxg7+ Kg8 $16) (33. hxg7+ $6 Kg8 34. bxc3 f5) (33. Kh2 $18 e4 34. hxg7+ Kg8 35. Qf5) 33... Qe6+ $11 34. Kh2 {[%emt 0:00:03] Black must now prevent Qh5. Chess con chili.} Re7 $2 (34... cxb2 $2 35. Qg3 Ng5 (35... exd4 36. Rxh7+ Kxh7 37. Qg7#) 36. Bxg5 exd4 (36... fxg5 37. Qxg5 Rg8 38. h7) 37. Be3 $18) (34... Ng5 $11 35. Bxg5 fxg5) 35. bxc3 $2 $40 {[%emt 0:00:13][%mdl 128] White is out for blood.} (35. Qg3 {White wants to mate with Qg6.} Ng5 36. Bxg5 (36. bxc3 exd4 37. cxd4 Rc6 $18) 36... fxg5 37. Qxg5) 35... Rxg7 $18 36. Rxg7 {[%emt 0:00:03] Qg3 is the strong threat.} Rg8 $2 (36... f5 $18) 37. Qg3 (37. Rxg8+ $142 Kxg8 38. Qg3+ Kf7 39. Qg7+ Ke8 40. Qxh7 e4 41. Qg7 Qf7 42. Qxf6 (42. Qxf7+ Kxf7 43. Kg3 Kg6 44. Kf4 Kh7 45. Bxf6 Kxh6 46. Ke5 Kg6)) 37... exd4 38. cxd4 (38. Qg6 $142 Qe5+ 39. Bg3 Qh5+ 40. Qxh5 Rxg7 41. hxg7+ Kxg7 42. Bf4 (42. Qxd5 dxc3 43. Qd7+ Kg8 $18) (42. Qg4+ Ng5 $18) 42... Ng5 43. Bxg5 (43. cxd4 Nf7 44. Qxd5 Nh8 45. Kh3 Kg6 46. Kg4 Nf7 47. Qe6 Kg7)) 38... Re8 {[%emt 0:00:02] [#]} 39. Rxh7+ $1 {[%emt 0:00:04][%mdl 512] Weighted Error Value: White=0.51/Black=0.75.  Loses game:     	---       	Black=2      Missed win:     	White=1     	---        Mistake:       	White=4     	Black=3      Inaccurate:     	White=2     	Black=3      OK:         	White=10    	Black=9      Best:        	White=1     	Black=2} 1-0

[Event "Memorial Ukrainian Chess Warriors 2024"]
[Site "Lviv"]
[Date "2024.03.15"]
[Round "7.8"]
[White "Baziuk, Vladyslav"]
[Black "Smolkin, Alexander"]
[Result "1-0"]
[ECO "E65"]
[WhiteElo "2211"]
[BlackElo "1957"]
[Annotator "RC"]
[PlyCount "113"]
[EventDate "2024.03.06"]
[EventType "swiss"]
[EventCountry "UKR"]
[SourceTitle "playchess.com"]
[Source "ChessBase"]
[SourceQuality "1"]
[TimeControl "600+5"]

1. Nf3 Nf6 2. d4 g6 3. c4 Bg7 4. Nc3 d6 5. g3 O-O 6. Bg2 c5 7. O-O Nc6 8. e3 Bf5 9. b3 Re8 10. Bb2 e5 11. Nb5 exd4 12. exd4 a6 13. Na3 Ne4 14. Nc2 Qd7 15. Ne3 Bh3 16. Nd5 Rad8 17. Rb1 Bg4 18. dxc5 dxc5 19. Bxg7 Kxg7 20. Qc1 Bxf3 21. Bxf3 Nd4 22. Qb2 Ng5 23. Bg2 Nh3+ 24. Bxh3 Qxh3 25. Nf4 Qf5 26. Rbe1 Qf6 27. Kg2 Qc6+ 28. Nd5 Rxd5 29. cxd5 Qxd5+ 30. f3 Rxe1 31. Rxe1 Qxf3+ 32. Kg1 Qf6 33. Rb1 Qf3 34. Rf1 Qd5 35. Qf2 b5 36. Qf6+ Kg8 37. Kf2 Nf5 38. Re1 Qd2+ 39. Re2 Qd7 40. Qe5 Qd3 41. Qxc5 Nd4 42. Re8+ Kg7 43. Qe5+ Kh6 44. Qe3+ Qxe3+ 45. Kxe3 Nf5+ 46. Kf4 Nd4 47. Ra8 Ne6+ 48. Ke5 Nc5 49. Kd5 Nd3 50. Ke4 Nc5+ 51. Kd4 Ne6+ 52. Ke3 Nc5 53. b4 Ne6 54. Rxa6 Nc7 55. Rd6 f5 56. a3 Kg5 57. Rd7 1-0

[Event "Memorial Ukrainian Chess Warriors 2024"]
[Site "Lviv"]
[Date "2024.03.15"]
[Round "7.9"]
[White "Petursson, Margeir"]
[Black "Andrienko, Artem"]
[Result "1/2-1/2"]
[ECO "E20"]
[WhiteElo "2344"]
[BlackElo "2041"]
[Annotator "TA"]
[PlyCount "101"]
[EventDate "2024.03.06"]
[EventType "swiss"]
[EventCountry "UKR"]
[SourceTitle "playchess.com"]
[Source "ChessBase"]
[SourceQuality "1"]
[TimeControl "600+5"]

1. d4 Nf6 2. c4 e6 3. Nc3 Bb4 4. f3 c5 5. d5 b5 6. e4 {[%emt 0:00:02] E20: Nimzo-Indian: 4 g3 and 4 f3.} O-O 7. e5 Ne8 8. f4 d6 9. Nf3 exd5 10. cxd5 Nc7 11. Be2 dxe5 $146 ({Black should play} 11... c4 $11) ({Predecessor:} 11... Bb7 12. O-O c4 13. a4 a6 14. Kh1 Bxc3 15. bxc3 Nxd5 16. Qc2 h6 17. Rb1 Nd7 18. axb5 axb5 19. Rxb5 {½-½ Sabaev,S (2464)-Gonzalez Freixas,A (2530) W-ch27 q04 email 2007}) 12. d6 $14 Ne6 13. fxe5 (13. Bxb5 e4 (13... Nxf4 14. O-O $14) (13... Bxc3+ 14. bxc3 exf4 15. O-O $11) (13... Nd4 14. Bd3 $11) 14. Ne5 Qa5 $15 (14... Nd4 15. Bc4 $11)) 13... c4 14. O-O Bb7 15. Kh1 (15. Nxb5 $2 Qb6+ 16. Nfd4 Nc6 $19) (15. Be3 $14) 15... Bxc3 $11 16. bxc3 Nd7 17. Rb1 a6 18. a4 Rb8 19. Qe1 Be4 20. Rb2 Ndc5 21. axb5 axb5 22. Qg3 Na4 (22... Qa5 $11) 23. Ng5 $1 $16 Bg6 24. Ra2 (24. Nxe6 $1 $14 fxe6 25. Ra2) 24... Nxc3 $1 $11 25. Qxc3 Nxg5 26. Ra7 Ne4 (26... Ne6 $11) 27. Qe3 ({White should try} 27. Qd4 $16) 27... c3 28. Re7 $2 (28. Bf3 $11 {and White stays safe.} Qh4 29. Bxe4 Qxe4 30. Qxc3) 28... b4 $19 29. Bd3 Qb6 $1 30. Qf3 $2 (30. Qxb6 Rxb6 31. d7) 30... Qc6 $2 (30... Qd4 $19 31. Bxe4 Qxe4 (31... Bxe4 $2 32. Rd1 $19)) 31. h4 $2 (31. Re1 $15 b3 (31... Nf2+ 32. Qxf2 Bxd3 33. e6 $15) 32. Rc7 (32. Bxe4 $2 Bxe4 33. Qxe4 Qxe4 $19)) 31... h5 $2 (31... b3 $19 {has better winning chances.} 32. Kh2 b2) 32. Re1 $17 {[%emt 0:00:18] [#]} Nf2+ $2 ({Better is} 32... b3 $1 $19 33. Rc7 (33. Bxe4 $2 {too greedy.} Bxe4 34. Qxe4 Qxe4 $19) 33... Qa4 34. Rxe4 (34. Bxe4 $2 b2 $19) 34... Bxe4 35. Qxe4 Qxe4 36. Bxe4 Rb4) 33. Qxf2 $11 Bxd3 34. Qg3 Bf5 35. Bh6 Bg6 36. e6 gxh6 $2 {[%emt 0:00:06][%mdl 8192] [#]} (36... Kh7 $11 37. Rc7 Qd5 38. Bxg7 Kxg7) 37. Rxf7 $2 ({Not} 37. Rc7 Qd5 38. d7 (38. e7 Rbd8 $15) 38... Kh7 $11 (38... Rbd8 39. Kh2 $11)) ({Only move:} 37. exf7+ $1 $18 Kh7 38. R1e6) 37... Rxf7 $11 38. exf7+ Kh7 $1 39. Re7 Rf8 40. Re6 $1 Bf5 41. Rxh6+ $1 Kxh6 42. Qg5+ Kh7 43. Qxf5+ Kg7 44. Qe5+ Kxf7 45. Qe7+ Kg8 46. Qg5+ Kh7 47. Qxh5+ Kg7 48. Qg5+ $1 Kf7 49. Qe7+ Kg6 50. Qg5+ Kf7 51. Qe7+ 1/2-1/2

[Event "Memorial Ukrainian Chess Warriors 2024"]
[Site "Lviv"]
[Date "2024.03.15"]
[Round "7.10"]
[White "Lornye, Pylyp"]
[Black "Trushko, Andrii"]
[Result "1/2-1/2"]
[ECO "A06"]
[WhiteElo "2147"]
[BlackElo "2050"]
[Annotator "RC"]
[PlyCount "83"]
[EventDate "2024.03.06"]
[EventType "swiss"]
[EventCountry "UKR"]
[SourceTitle "playchess.com"]
[Source "ChessBase"]
[SourceQuality "1"]
[TimeControl "600+5"]

1. Nf3 d5 2. g3 Nf6 3. Bg2 c6 4. O-O Bf5 5. d3 e6 6. Nc3 Be7 7. Qe1 O-O 8. e4 dxe4 9. dxe4 Bg6 10. Ne5 Nbd7 11. Nxg6 hxg6 12. f4 Qb6+ 13. Kh1 Bb4 14. Be3 Qa5 15. Bd2 Rfd8 16. a3 Bf8 17. e5 Ne8 18. g4 Nb6 19. Ne4 Qb5 20. b3 Be7 21. a4 Qa6 22. Rf3 Nd5 23. Bf1 Qb6 24. Ba5 Qd4 25. c3 Nxc3 26. Bxc3 Qd7 27. g5 f5 28. gxf6 Bf8 29. Qh4 gxf6 30. exf6 Qd5 31. Ng5 Rd7 32. Bc4 Qxf3+ 33. Nxf3 Nc7 34. Ng5 Re8 35. f7+ Rxf7 36. Nxf7 Re7 37. Ng5 Bg7 38. Bxg7 Kxg7 39. Qh7+ Kf6 40. Qh8+ Kf5 41. Qf8+ Kg4 42. Qxe7 1/2-1/2

[Event "Memorial Ukrainian Chess Warriors 2024"]
[Site "Lviv"]
[Date "2024.03.15"]
[Round "7.11"]
[White "Nedilko, Vasily"]
[Black "Shton, Roman"]
[Result "1-0"]
[ECO "E04"]
[WhiteElo "2324"]
[BlackElo "2002"]
[Annotator "TA"]
[PlyCount "85"]
[EventDate "2024.03.06"]
[EventType "swiss"]
[EventCountry "UKR"]
[SourceTitle "playchess.com"]
[Source "ChessBase"]
[SourceQuality "1"]
[TimeControl "600+5"]

1. d4 Nf6 2. c4 e6 3. Nf3 d5 4. g3 dxc4 5. Bg2 c6 6. O-O Nbd7 7. a4 Nd5 8. Na3 Bxa3 9. bxa3 (9. Rxa3 $14 O-O 10. e4) 9... b5 $11 {[%emt 0:00:13] Schwarz hat minimalen Vorteil.} 10. e4 (10. Bg5 $11 {hält das Gleichgewicht.} Qb6 11. Bd2 (11. e4 Nc3 $17)) 10... N5b6 (10... Nc3 $17 11. Qc2 Nxa4) 11. a5 Na4 12. e5 Qxa5 (12... Nc3 $11 {bleibt in der Remisbreite.} 13. Qd2 Nd5) 13. Ng5 $16 O-O $2 (13... Qc7 $16) 14. Qh5 ({Weiss braucht} 14. Bxc6 $18 Rb8 15. Bxd7) 14... h6 15. Bxc6 $40 {[%emt 0:01:52][%mdl 128] Weiss will per K.O. gewinnen.} (15. Ne4 $18 Qd8 16. Re1) 15... Rb8 $2 (15... hxg5 $16 {war einen Versuch wert.} 16. Bxa8 Qb6) 16. Bxd7 $2 (16. Ne4 $18 Qd8 (16... Qc7 $2 17. Bxd7 f5 18. exf6 $18) 17. Bxd7 (17. Bxh6 gxh6 18. Qxh6 f5 $11)) 16... Bxd7 $4 (16... hxg5 $17 17. Bc6 Bb7 18. Bxb7 Rxb7) 17. Ne4 $18 Nc3 (17... f5 $18) 18. Bd2 $2 (18. Nf6+ gxf6 19. Bxh6 Ne4 20. exf6 b4 21. Qxa5 Rb5 22. Qxa7 (22. Qc7 Rfb8 $18) 22... Bc6 23. Qc7 (23. Bxf8 Nd2 $18)) 18... Ne2+ $2 {[%emt 0:00:11] Schwarz hat schwache schwarze Felder} (18... b4 19. axb4 Nxe4 20. Rxa5 Nxd2) 19. Qxe2 Qb6 20. Bb4 $2 (20. Nf6+ {setzt Matt} gxf6 21. Bxh6 f5 22. Qh5 Qd8 23. Bg5 f6 24. Qg6+ (24. exf6 Qe8 $16) (24. Bxf6 Rxf6 25. exf6 Qxf6 $18) 24... Kh8 25. exf6 (25. Bxf6+ Rxf6 26. exf6 Qg8 $18)) 20... Rfe8 21. Bc5 Qc6 22. Nd6 Red8 23. Qe4 Qa6 (23... Qxe4 $142 24. Nxe4 Bc6) 24. Qf4 Rf8 25. Ne4 Rfc8 26. Rfe1 (26. Nf6+ $142 Kh8 27. Nxd7) 26... Bc6 27. Nf6+ (27. Nd6 Rc7 28. Rec1 Bd5 $18) 27... gxf6 (27... Kh8 $18 28. g4 Ba8) 28. exf6 (28. Qxh6 $142 fxe5 29. Be7 (29. Rxe5 Be4 30. Rh5 f6 31. Qxf6 Bh7 32. Rg5+ Bg6 33. Rxg6+ Kh7 34. Qg7#) 29... Qa5 30. Bf6 (30. dxe5 Qd2 $18) 30... Qxe1+ 31. Rxe1 exd4 32. Qh8#) 28... Kh7 29. Re5 {[%emt 0:00:11] [#] Droht Matt per Rh5.} Rg8 30. Rh5 Rg6 31. Qxb8 {[%emt 0:00:04] Weiss will mit Qf8 Matt setzen.} Bb7 32. Qd6 (32. Qe8 $142 Rxf6 33. Bf8 Kg6 34. Rxh6+ (34. Rxb5 Bc6 $18) 34... Kg5 35. Qe7 Kf5 36. Rxf6+ Ke4 37. Rd1 (37. Rxf7 Kd3 $18) (37. Qxf7 c3 38. Rxe6+ Qxe6 39. Qxe6+ Kd3 40. Rd1+ Kc2 41. Qe2+ Kb3 42. Qxb5+ Kc2 43. Qb1#) 37... Qc6 38. Rf4+ (38. Qxf7 e5 39. Qg6+ Kd5 40. dxe5+ Kxe5 41. Qf5#) 38... Kd5 39. Qd8+ Qd7 40. Qxd7#) 32... Qa4 (32... Qxd6 $18 33. Bxd6 Bd5) 33. Qe7 Qc2 34. Qxf7+ Kh8 35. Qxb7 Rxf6 36. Rf1 {[%emt 0:00:09][%cal Oc5e7] [#] Weiss droht Be7! und Matt.} ({Minderwertig wäre} 36. Qxa7 Qxf2+ 37. Kh1 Qf3+ 38. Kg1 Qf2+ 39. Kh1 Qf3+ 40. Kg1 Qe3+ (40... Qf2+ 41. Kh1 $11) 41. Kg2 Qe2+ 42. Kg1 Qf2+ $11) 36... Qg6 37. Rh4 {[%emt 0:00:03][%cal Oc5d6] Und jetzt Bd6! wäre schön.} Rf7 38. Qb8+ (38. Rxh6+ $142 Qxh6 39. Qxf7 Qh7 40. Qf6+ (40. Qxe6 b4 41. Re1 bxa3 42. Bf8 c3 43. Qf6+ Kg8 44. Bh6 Qxh6 45. Re8+ Qf8 46. Rxf8+ Kh7 47. Rh8#) 40... Qg7 41. Qxe6 Qg8 42. Qxg8+ Kxg8 43. d5 (43. Bxa7 Kf7 44. Re1 c3 45. d5 c2 46. d6 c1=Q 47. Rxc1 Ke6)) 38... Kh7 39. Bd6 {[%emt 0:00:03] Weiß setzt Matt.} c3 40. Be5 Qd3 41. Qh8+ Kg6 42. Qxh6+ Kf5 43. Rf4# {[%emt 0:00:02] Gewichteter Fehlerwert: Weiß=1.11/Schwarz=1.66.  Verlustzug:     	---       	Schwarz=3     Gewinn verpasst:   	Weiß=1     	---        Fehler:       	Weiß=7     	Schwarz=6     Ungenau:       	Weiß=1     	Schwarz=2     OK:         	Weiß=3     	Schwarz=3     Bester:       	Weiß=2     	Schwarz=2} 1-0

[Event "Memorial Ukrainian Chess Warriors 2024"]
[Site "Lviv"]
[Date "2024.03.15"]
[Round "7.12"]
[White "Sydoryka, Vladyslav"]
[Black "Karvatskyi, Oleksii"]
[Result "1-0"]
[ECO "D00"]
[WhiteElo "2310"]
[BlackElo "1986"]
[Annotator "TA"]
[PlyCount "59"]
[EventDate "2024.03.06"]
[EventType "swiss"]
[EventCountry "UKR"]
[SourceTitle "playchess.com"]
[Source "ChessBase"]
[SourceQuality "1"]
[TimeControl "600+5"]

1. d4 d5 2. Nc3 Nf6 3. Bf4 c6 4. e3 Bf5 5. Nf3 e6 6. Ne5 Bb4 7. g4 Bg6 8. h4 {And now h5 would win. The position is equal.} Ne4 9. h5 (9. f3 $11 Nxc3 10. Qd2) 9... Nxc3 $17 (9... Bxc3+ 10. bxc3 Nxc3 11. hxg6 Nxd1 12. Nxf7 $16 (12. gxf7+ Kf8 $16)) 10. bxc3 (10. Qd2 $142 Be4 (10... Nxa2 11. c3 $16) 11. Rh3) 10... Bxc3+ 11. Ke2 Be4 $36 {[%mdl 2048] White is under strong pressure.} 12. f3 Bxa1 13. Qxa1 (13. fxe4 $17 Bc3 14. Qd3) 13... f6 $19 (13... Bxc2 14. Qb2 f6 15. Qxc2 (15. Qxb7 fxe5 16. Qxg7 Rf8 $17) 15... fxe5 16. Bxe5) 14. fxe4 fxe5 15. Bxe5 O-O (15... dxe4 16. Bxg7 Rg8 17. h6 $14) 16. Qe1 Nd7 {Dodges g5} (16... dxe4 17. h6 gxh6 18. Bg2 $17) 17. Bd6 Rf7 18. e5 Qb6 $2 (18... c5 $19 {and Black stays clearly on top.} 19. g5 Qxg5) 19. g5 $17 Qb5+ 20. Kd1 Qb1+ 21. Kd2 Qxa2 22. Bh3 $1 Nb6 {Strongly threatening ...Nc4+.} 23. Bxe6 Nc4+ 24. Kd3 {[#]} Nxd6 $1 25. g6 (25. exd6 Qa3+) 25... Qa6+ 26. Kc3 $2 (26. Kd2 $17 Qa5+ 27. Ke2 Qb5+ 28. Kd2 Nc4+ 29. Kc3) 26... Qa3+ $19 27. Kd2 {[#]} Ne4+ $2 (27... Nc4+ $1 $19 28. Kd1 hxg6 (28... Nxe3+ 29. Ke2 $11) 29. hxg6 Nb2+ (29... Nxe3+ $2 30. Ke2 $18) 30. Kd2 Nc4+ 31. Kd1 Nb2+ (31... Nxe3+ $2 32. Ke2 $18) 32. Kd2 Kf8 (32... Nc4+ 33. Kd1 $11) 33. Bxf7 (33. gxf7 Nc4+ 34. Kd1 Qa1+ 35. Ke2 Qxe1+ 36. Rxe1 Ke7 $16) 33... Nc4+ 34. Kd1 Nxe3+ 35. Ke2 Nf5 (35... Ke7 $2 36. Qh4+ Kd7 37. Qh3+ Kc7 38. Qxe3 $18)) 28. Kd1 (28. Ke2 $15) 28... Qa1+ (28... h6 $17 {[%cal Oc6c5] ...c5! would now be deadly.} 29. Rf1 (29. gxf7+ Kf8 $11) (29. Bxf7+ Kh8 $11) 29... Qb2 (29... Qa1+ 30. Ke2 $11) 30. Bxf7+ (30. Rxf7 Qb1+ 31. Ke2 Qxe1+ 32. Kxe1 Ng5 $17) (30. gxf7+ Kf8 $17) 30... Kh8) 29. Ke2 $15 Qa3 $2 (29... Qxe1+ 30. Rxe1 hxg6 31. hxg6 $11) (29... Qa2 $15 {stays ahead.} 30. Bxf7+ (30. gxf7+ Kf8 $11) 30... Kh8) 30. Kd1 $2 {[%mdl 32768] Weighted Error Value: White=0.30/Black=0.44.  Loses game:     	---       	Black=1      Missed win:     	White=1     	Black=2      Mistake:       	White=5     	Black=1      Inaccurate:     	White=1     	Black=2      OK:         	White=5     	Black=9      Best:        	White=4     	Black=4      Strong:       	White=1     	---       . Sensor Board Error (Ke4/e5)?} ({Not} 30. gxf7+ Kf8 $16) (30. Bxf7+ $18 Kf8 31. h6 (31. gxh7 Kxf7 32. Qf1+ Ke7 $11) 31... gxh6 32. Qh4 (32. gxh7 Kxf7 33. Rxh6 Kg7 $19) (32. Rxh6 hxg6 33. Rh8+ Kxf7 $16)) 1-0

[Event "Memorial Ukrainian Chess Warriors 2024"]
[Site "Lviv"]
[Date "2024.03.15"]
[Round "7.13"]
[White "Voitychuk, Orest"]
[Black "Mikhaletz, Lubomir"]
[Result "0-1"]
[ECO "A04"]
[WhiteElo "1953"]
[BlackElo "2278"]
[Annotator "TA"]
[PlyCount "56"]
[EventDate "2024.03.06"]
[EventType "swiss"]
[EventCountry "UKR"]
[SourceTitle "playchess.com"]
[Source "ChessBase"]
[SourceQuality "1"]
[TimeControl "600+5"]

1. Nf3 d6 2. b3 e5 3. d3 b5 4. Bb2 Bb7 5. Nbd2 g5 (5... Nf6 $11) 6. e4 {[%emt 0:00:46] Strongly threatening d4.} c5 7. h3 a6 8. g3 {[%emt 0:00:21] White is better.} h5 9. Bg2 h4 10. g4 (10. Nf1 $14) 10... Nc6 11. Nf1 f6 12. Ne3 Nge7 13. Ng1 Nd4 14. c3 Ne6 15. d4 cxd4 16. cxd4 Qb6 17. Ne2 Ng6 18. Nf5 (18. O-O $14) 18... Ngf4 19. Nxf4 Nxf4 {[%emt 0:00:03] The position is equal.} 20. Bf3 d5 21. exd5 e4 22. Bxe4 Bb4+ 23. Kf1 O-O-O 24. a3 Bd6 25. Rc1+ Kb8 {[%emt 0:00:01] Active counter play!} 26. Ne3 Rhe8 27. Bf3 Rxe3 28. fxe3 Nxd5 {[%emt 0:00:02][%mdl 32768] Weighted Error Value: White=0.15 (very precise) /Black=0.10 (very precise) .  Mistake:       	White=2     	---        Inaccurate:     	---       	Black=3      OK:         	White=9     	Black=8      Best:        	White=1     	Black=2     . Loss on time!?} 0-1

[Event "Memorial Ukrainian Chess Warriors 2024"]
[Site "Lviv"]
[Date "2024.03.15"]
[Round "7.14"]
[White "Piddubna, Bozhena"]
[Black "Masnyak, Yuriy"]
[Result "0-1"]
[ECO "E06"]
[WhiteElo "2132"]
[BlackElo "1785"]
[Annotator "RC"]
[PlyCount "74"]
[EventDate "2024.03.06"]
[EventType "swiss"]
[EventCountry "UKR"]
[SourceTitle "playchess.com"]
[Source "ChessBase"]
[SourceQuality "1"]
[TimeControl "600+5"]

1. d4 d5 2. Nf3 Nf6 3. c4 e6 4. g3 Be7 5. Bg2 O-O 6. O-O c6 7. Nc3 Nbd7 8. Nd2 b6 9. e4 dxe4 10. Ndxe4 Bb7 11. Qc2 Nxe4 12. Nxe4 c5 13. dxc5 bxc5 14. Rd1 Qc7 15. Be3 f5 16. Nc3 Bxg2 17. Kxg2 Qb7+ 18. f3 Ne5 19. Qe2 Bf6 20. Rd2 g5 21. Kf2 g4 22. f4 Nf3 23. Rd6 Nd4 24. Bxd4 Bxd4+ 25. Rxd4 cxd4 26. Nb5 Qb6 27. Qd3 a6 28. Na3 Qxb2+ 29. Nc2 Rfd8 30. Re1 Qb6 31. Re5 Rac8 32. Kf1 Qc6 33. Nxd4 Qxc4 34. Qxc4 Rxc4 35. Nxe6 Rd2 36. Re2 Rxe2 37. Kxe2 Re4+ 0-1

[Event "Memorial Ukrainian Chess Warriors 2024"]
[Site "Lviv"]
[Date "2024.03.15"]
[Round "7.15"]
[White "Pentsko, Stanislav"]
[Black "Domanskiy, Mykola"]
[Result "1-0"]
[ECO "A43"]
[WhiteElo "1634"]
[BlackElo "2046"]
[Annotator "RC"]
[PlyCount "51"]
[EventDate "2024.03.06"]
[EventType "swiss"]
[EventCountry "UKR"]
[SourceTitle "playchess.com"]
[Source "ChessBase"]
[SourceQuality "1"]
[TimeControl "600+5"]

1. d4 c5 2. d5 Nf6 3. Nc3 d6 4. e4 g6 5. f4 Bg7 6. Nf3 O-O 7. Bd3 e6 8. O-O exd5 9. exd5 a6 10. a4 Re8 11. f5 Nbd7 12. fxg6 hxg6 13. Bg5 Qb6 14. a5 Qxb2 15. Na4 Qb4 16. Bd2 Qg4 17. h3 Qh5 18. c4 Ne4 19. Rb1 Nxd2 20. Qxd2 Rb8 21. Rbe1 Ne5 22. Nb6 Rf8 23. Be2 Nxf3+ 24. Bxf3 Qh4 25. Re4 Qg3 26. Bg4 1-0

[Event "Memorial Ukrainian Chess Warriors 2024"]
[Site "Lviv"]
[Date "2024.03.15"]
[Round "7.16"]
[White "Hrabinska, Myroslava"]
[Black "Lehinovych, Maksym"]
[Result "0-1"]
[ECO "B07"]
[WhiteElo "2177"]
[BlackElo "1618"]
[Annotator "RC"]
[PlyCount "40"]
[EventDate "2024.03.06"]
[EventType "swiss"]
[EventCountry "UKR"]
[SourceTitle "playchess.com"]
[Source "ChessBase"]
[SourceQuality "1"]
[TimeControl "600+5"]

1. e4 d6 2. d4 Nf6 3. Nc3 g6 4. Bg5 c6 5. Qd2 h6 6. Bh4 Bg7 7. f4 O-O 8. Nf3 b5 9. Bd3 b4 10. Ne2 a5 11. f5 e5 12. fxg6 fxg6 13. dxe5 dxe5 14. Nxe5 Qe8 15. Bg3 Nh5 16. Nc4 Nxg3 17. hxg3 Nd7 18. O-O-O Ne5 19. Nd6 Nxd3+ 20. Qxd3 Qe5 0-1

[Event "Memorial Ukrainian Chess Warriors 2024"]
[Site "Lviv"]
[Date "2024.03.15"]
[Round "7.17"]
[White "Pavlyk, Maksym"]
[Black "Medvedyk, Vasyl"]
[Result "0-1"]
[ECO "B50"]
[WhiteElo "1693"]
[BlackElo "1957"]
[Annotator "RC"]
[PlyCount "118"]
[EventDate "2024.03.06"]
[EventType "swiss"]
[EventCountry "UKR"]
[SourceTitle "playchess.com"]
[Source "ChessBase"]
[SourceQuality "1"]
[TimeControl "600+5"]

1. e4 c5 2. Nf3 d6 3. c3 Nf6 4. Be2 Nc6 5. d4 e6 6. dxc5 Nxe4 7. cxd6 Bxd6 8. O-O Qc7 9. Qc2 Nf6 10. Rd1 h6 11. Nbd2 O-O 12. Ne4 Be7 13. Nxf6+ Bxf6 14. Be3 b6 15. Qe4 Bb7 16. Bd3 Rfd8 17. Bf4 e5 18. Qh7+ Kf8 19. Bg3 Ne7 20. Qh8+ Ng8 21. Bh7 g6 22. Bxe5 Bxh8 23. Bxc7 Rxd1+ 24. Rxd1 Nf6 25. Be5 Re8 26. Bxf6 Bxf6 27. Rd7 Bxf3 28. gxf3 Re7 29. Rd6 Kg7 30. f4 Bh4 31. Bxg6 fxg6 32. Kf1 Kf7 33. Rc6 Bf6 34. Kg2 Re2 35. Rc7+ Ke6 36. Rxa7 Rxb2 37. c4 Bd4 38. Kf3 Bc5 39. Rc7 Rxf2+ 40. Ke4 Re2+ 41. Kf3 Rxa2 42. Rc6+ Kf5 43. Rc7 Ra3+ 44. Ke2 Kxf4 45. Rf7+ Kg5 46. Kf1 Rc3 47. Rb7 Rxc4 48. Ke2 Rc2+ 49. Kf3 Rc3+ 50. Ke2 Ra3 51. Rd7 Ra2+ 52. Kf3 Rxh2 53. Rd5+ Kf6 54. Kg3 Rb2 55. Rd8 h5 56. Rd3 g5 57. Rf3+ Kg6 58. Rd3 Ra2 59. Rb3 Ra3 0-1

[Event "Memorial Ukrainian Chess Warriors 2024"]
[Site "Lviv"]
[Date "2024.03.15"]
[Round "7.18"]
[White "Ivanov, Taras"]
[Black "Skarbarchuk, Tetyana"]
[Result "1-0"]
[ECO "A06"]
[WhiteElo "1831"]
[BlackElo "1929"]
[Annotator "RC"]
[PlyCount "97"]
[EventDate "2024.03.06"]
[EventType "swiss"]
[EventCountry "UKR"]
[SourceTitle "playchess.com"]
[Source "ChessBase"]
[SourceQuality "1"]
[TimeControl "600+5"]

1. Nf3 d5 2. b3 Nf6 3. Bb2 Bf5 4. e3 e6 5. Be2 Bd6 6. O-O O-O 7. d4 c6 8. Nbd2 Nbd7 9. c4 h6 10. Ne5 Qe7 11. a3 Rad8 12. c5 Bc7 13. b4 Nxe5 14. dxe5 Nd7 15. f4 f6 16. exf6 gxf6 17. Bg4 Bh7 18. Qb3 Rf7 19. e4 Nf8 20. exd5 Rxd5 21. Rad1 Qd8 22. Nc4 Bd3 23. Rfe1 Bxf4 24. Ne3 Bxe3+ 25. Rxe3 Bg6 26. Rde1 Bf5 27. Bf3 Rdd7 28. Be2 Rg7 29. Bc4 Kh8 30. Rg3 Rdf7 31. Ree3 Rg5 32. h4 Rgg7 33. Rgf3 Rd7 34. Re1 Kh7 35. Ref1 Rd2 36. R3f2 Rxf2 37. Rxf2 Qe7 38. Qc3 Nd7 39. Qe3 Bg4 40. Qf4 e5 41. Qe4+ f5 42. Qd3 Rg6 43. h5 Rg5 44. Rd2 Nf8 45. Qe3 Rxh5 46. Qxe5 Qxe5 47. Bxe5 Rg5 48. Rd8 Ng6 49. Rd7+ 1-0

[Event "Memorial Ukrainian Chess Warriors 2024"]
[Site "Lviv"]
[Date "2024.03.15"]
[Round "7.19"]
[White "Hychkevych, Vitaliy"]
[Black "Starozhilov, Leonid"]
[Result "1/2-1/2"]
[ECO "E83"]
[WhiteElo "1550"]
[BlackElo "2285"]
[Annotator "RC"]
[PlyCount "91"]
[EventDate "2024.03.06"]
[EventType "swiss"]
[EventCountry "UKR"]
[SourceTitle "playchess.com"]
[Source "ChessBase"]
[SourceQuality "1"]
[TimeControl "600+5"]

1. d4 Nf6 2. c4 g6 3. Nc3 Bg7 4. e4 d6 5. f3 O-O 6. Be3 Nc6 7. Nge2 a6 8. Qd2 Na5 9. Ng3 b5 10. cxb5 axb5 11. Bxb5 Nb3 12. Qd1 Nxa1 13. Qxa1 Ba6 14. Bxa6 Rxa6 15. O-O c6 16. a3 Qa5 17. Rc1 Rb8 18. Qa2 Nd7 19. Nge2 Qb6 20. Rc2 Qb3 21. Qxb3 Rxb3 22. Nc1 Rb8 23. Nd3 Raa8 24. Nd1 Rc8 25. Nc3 e6 26. a4 c5 27. dxc5 Nxc5 28. Nxc5 dxc5 29. Nb5 Rxa4 30. Nd6 Rb8 31. Rxc5 Bxb2 32. Nc4 Bf6 33. h3 Raa8 34. e5 Bh4 35. Nd6 Bg3 36. Ne4 Ra1+ 37. Rc1 Rxc1+ 38. Bxc1 Bxe5 39. Be3 Ra8 40. f4 Ra4 41. Nc5 Bxf4 42. Nxa4 Bxe3+ 43. Kf1 Bd4 44. Ke2 f5 45. Kd3 e5 46. g4 1/2-1/2